 Dungeon Crawl Stone Soup version 0.24.0-13-gcf9b3192b9 (webtiles) character file.

Game seed: 6014494829260535284, levelgen mode: deterministic

8369 Fv001 the Shield-Bearer (level 11, -12/83 HPs)
             Began as a Demonspawn Fighter on Nov 7, 2019.
             Was a Believer of Ashenzari.
             Mangled by Urug
             ... wielding a +2 great sword of holy wrath
              (13 damage)
             ... on level 1 of the Lair of Beasts on Nov 8, 2019.
             The game lasted 00:41:44 (12089 turns).

Fv001 the Shield-Bearer (Demonspawn Fighter)       Turns: 12089, Time: 00:41:44

Health: -12/83     AC:  8    Str: 18    XL:     11   Next: 9%
Magic:  10/11      EV: 13    Int: 10    God:    Ashenzari [**....]
Gold:   249        SH: 14    Dex: 18    Spells: 8/10 levels left

rFire    . . .     SeeInvis .   a - +2 morningstar
rCold    + . .     Gourm    .   I - +3 shield
rNeg     . . .     Faith    .   s - +0 leather armour
rPois    .         Spirit   .   (helmet restricted)
rElec    .         Reflect  .   H - +0 cloak (curse)
rCorr    .         Harm     .   m - +2 pair of gloves (curse)
MR       +....                  (no boots)
Stlth    ++++++....             M - amulet of regeneration (curse)
HPRegen  0.63/turn              i - ring of protection from cold (curse)
MPRegen  0.12/turn              q - ring of protection from magic (curse)

@: about to teleport
A: horns 2, thin skeletal structure 2, nightstalker 2, spiny 1
a: Curse Item, Scrying, Renounce Religion


You were on level 1 of the Lair of Beasts.
You worshipped Ashenzari.
Ashenzari was pleased with you.
You were not hungry.

You visited 2 branches of the dungeon, and saw 10 of its levels.

You collected 438 gold pieces.
You spent 189 gold pieces at shops.

Inventory:

Hand Weapons
 a - a +2 morningstar (weapon)
 b - a +2 dagger of draining
 c - the +1 dagger of the Boiling Point {venom, Str+4 Int+7}
   (You bought it in a shop on level 8 of the Dungeon)

   It poisons the flesh of those it strikes.
   It affects your strength (+4).
   It affects your intelligence (+7).
 e - the +5 dagger "Spiderslayer" {antimagic, *Drain +Blink MP+9 SInv}
   (You found it on level 4 of the Dungeon)

   It reduces the magical energy of the wielder, and disrupts the spells and
   magical abilities of those hit.
   Natural abilities and divine invocations are not affected.
   It affects your magic capacity (+9).
   It lets you see invisible.
   It lets you blink.
   It causes draining when unequipped.
Missiles
 x - 67 poisoned darts (quivered)
 y - 11 curare-tipped darts
 C - 8 javelins
Armour
 d - the +0 pair of gloves of Noughts and Crosses {rF+ Str-5 Dex+7}
   (You found it on level 5 of the Dungeon)

   It affects your strength (-5).
   It affects your dexterity (+7).
   It protects you from fire.
 m - a cursed +2 pair of gloves (worn)
 s - a +0 leather armour (worn)
 H - a cursed +0 cloak (worn)
 I - a +3 shield (worn)
Jewellery
 i - a cursed ring of protection from cold (left hand)
 q - a cursed ring of protection from magic (right hand)
 w - an uncursed ring of fire
 B - an uncursed amulet of rage
 M - a cursed amulet of regeneration (around neck)
Wands
 E - a wand of disintegration (15)
 J - a wand of flame (16)
Scrolls
 h - 7 scrolls of teleportation
 n - a scroll of fog {unknown}
 z - a scroll of vulnerability {unknown}
 D - a scroll of immolation {unknown}
 F - a scroll of noise {unknown}
 G - 2 scrolls of amnesia
 K - a scroll of fear {unknown}
Potions
 g - a potion of mutation
 k - 5 potions of haste
 l - 6 potions of curing
 o - a potion of lignification
 p - a potion of invisibility
 r - 4 potions of agility
 t - a potion of flight
 v - a potion of berserk rage {unknown}
 L - a potion of resistance {unknown}
Comestibles
 f - 11 rations


   Skills:
 + Level 6.4 Fighting
 + Level 4.6 Short Blades
 * Level 7.3 Maces & Flails
 + Level 3.8 Throwing
 + Level 5.7 Armour
 + Level 4.9 Dodging
 + Level 4.8 Stealth
 * Level 7.5 Shields
 + Level 2.1(3.9) Transmutations
 + Level 2.0(3.7) Earth Magic


You had 8 spell levels left.
You knew the following spells:

 Your Spells              Type           Power        Failure   Level  Hunger
a - Passwall              Tmut/Erth      #.......     36%         2    ###....

Your spell library contained the following spells:

 Spells                   Type           Power        Failure   Level  Hunger
 Sandblast                Erth           #.....       26%         1    ##.....
 Animate Skeleton         Necr           N/A          71%         1    ##.....
 Pain                     Necr           #...         71%         1    ##.....
 Stone Arrow              Conj/Erth      #.....       83%         3    ####...
 Petrify                  Tmut/Erth      #.......     94%         4    #####..
 Regeneration             Chrm/Necr      #.........   97%         3    ####...
 Vampiric Draining        Necr           #.........   97%         3    ####...
 Animate Dead             Necr           N/A          100%        4    #####..
 Lee's Rapid Deconstruct  Erth           #.........   100%        5    ######.


Dungeon Overview and Level Annotations

Branches:
Dungeon (9/15)             Temple (0/1) D:6            Lair (1/6) D:9
    Orc (0/2) D:9

Altars:
Ashenzari
Elyvilon
Gozag
Kikubaaqudgha
Makhleb
Nemelex Xobeh
Qazlal
Uskayaw
Wu Jian
Zin

Shops:
D:4 }   D:8 (   D:9 (

Annotations:
Lair:1 exclusions: bullfrog, 2 sensed monsters (detected), spiny frog and 4 yaks, Urug


Innate Abilities, Weirdness & Mutations

You have a pair of horns on your head.
You have a moderately thin skeletal structure. (Dex +4, Stealth+)
You are significantly more attuned to the shadows.
You are partially covered in sharp spines.


Message History

Urug hits you with a +2 great sword of holy wrath!
You convulse.
You are struck by the porcupine's spines.
You barely miss the porcupine. The porcupine barely misses you.
You block the porcupine's attack.
All of the chunks of flesh in your inventory have rotted away.
You are struck by the porcupine's spines.
You puncture the porcupine! Your headbutt misses the porcupine.
The porcupine is severely wounded.
Urug hits you with a +2 great sword of holy wrath!!
* * * LOW HITPOINT WARNING * * *
You convulse!
* * * LOW HITPOINT WARNING * * *
You block the porcupine's attack.
Okay, then.
Okay, then.
As you read the scroll of teleportation, it crumbles to dust.
You feel strangely unstable.
Urug hits you with a +2 great sword of holy wrath!
You die...

** * * * ## ###
+#P##.### +,, *
,,........# , , +
,,........# * ,
....r...# , , ,
....o@..# ,,,** *
###+##### *
###.## ###
##....# ..#
#..#.## ..#
##'##### #.####
###......#
.....###.'......#
.....##..#...(..#


You could see Urug and a porcupine.

Vanquished Creatures
  2 two-headed ogres
  A spiny frog (Lair:1)
  5 blink frogs (Lair:1)
  A hippogriff (D:9)
  4 yaks
  A vampire (D:9)
  2 hungry ghosts
  A wyvern (D:8)
  A human (D:8)
  The ghost of loom the Poker, an amateur MfAK of Lugonu (D:4)
  A two-headed ogre zombie (D:9)
  3 water moccasins
  3 ice beasts
  2 orc warriors (D:8)
  4 ogres
  5 sky beasts
  2 centaurs
  A phantom (D:9)
  A big kobold (D:6)
  6 bullfrogs
  A scorpion (D:5)
  5 killer bees (D:7)
  4 troll zombies (D:9)
  A howler monkey (D:9)
  7 crimson imps
  3 bullfrog zombies (D:6)
  2 centaur zombies (D:6)
  2 hounds
  A jelly (D:6)
  3 orc priests
  6 orc wizards
  4 iguanas
  8 worker ants
  3 ogre zombies (D:9)
  2 hound skeletons
  7 gnolls
  2 worker ant zombies
  7 adders
  4 oozes
  3 worms
  2 dart slugs (D:2)
  6 leopard geckos
  27 orcs
  3 giant cockroaches
  8 goblins
  7 hobgoblins
  8 jackals
  15 kobolds
  4 quokkas
  3 ball pythons
  6 bats
  3 frilled lizards
  5 goblin zombies (D:9)
  2 hobgoblin zombies (D:9)
  A jackal skeleton (D:8)
  3 orc skeletons (D:9)
  15 orc zombies (D:9)
  3 quokka skeletons
  4 rats
247 creatures vanquished.

Notes
Turn   | Place    | Note
-------+----------+-------------------------------------------
     0 | D:1      | Fv001 the Demonspawn Fighter began the quest for the Orb.
     0 | D:1      | Reached XP level 1. HP: 18/18 MP: 1/1
   141 | D:1      | Gained mutation: You have a pair of small horns on your
                  | head. [demonic ancestry]
   141 | D:1      | Reached XP level 2. HP: 19/24 MP: 2/2
   489 | D:1      | Gained mutation: You have a somewhat thin skeletal
                  | structure. (Dex +2, Stealth) [demonic ancestry]
   489 | D:1      | Reached XP level 3. HP: 29/29 MP: 3/3
   993 | D:2      | Reached skill level 1 in Dodging
  1021 | D:2      | Found an ornate altar of the Wu Jian Council.
  1133 | D:2      | Found a shattered altar of Ashenzari.
  1334 | D:2      | Reached XP level 4. HP: 35/35 MP: 4/4
  2865 | D:4      | Gained mutation: You are slightly more attuned to the
                  | shadows. [demonic ancestry]
  2865 | D:4      | Reached XP level 5. HP: 38/42 MP: 5/5
  2908 | D:4      | Noticed loom's ghost (amateur MfAK)
  2911 | D:4      | Found a runed translucent door.
  2977 | D:2      | Became a worshipper of Ashenzari the Shackled
  3682 | D:4      | Gained mutation: You are partially covered in sharp spines.
                  | [demonic ancestry]
  3682 | D:4      | Reached XP level 6. HP: 18/48 MP: 6/6
  3964 | D:4      | Reached skill level 1 in Short Blades
  3964 | D:4      | Reached skill level 1 in Stealth
  4303 | D:4      | Got the dagger "Spiderslayer" {antimagic, *Drain +Blink
                  | MP+9 SInv}
  4304 | D:4      | Identified the +5 dagger "Spiderslayer" {antimagic, *Drain
                  | +Blink MP+9 SInv} (You found it on level 4 of the Dungeon)
  4418 | D:4      | Found Cunugeph's Gadget Emporium.
  4443 | D:4      | Found a glowing silver altar of Zin.
  4446 | D:4      | Found a sparkling altar of Nemelex Xobeh.
  4446 | D:4      | Found an opulent altar of Gozag.
  4791 | D:5      | Entered Level 5 of the Dungeon
  4797 | D:5      | Noticed a sky beast
  4805 | D:5      | Killed a sky beast
  4805 | D:5      | Reached XP level 7. HP: 18/54 MP: 7/7
  5105 | D:5      | Identified the +0 pair of gloves of Noughts and Crosses
                  | {rF+ Str-5 Dex+7}
  5517 | D:5      | Found a burning altar of Makhleb.
  5659 | D:5      | Found a white marble altar of Elyvilon.
  5832 | D:6      | Reached * piety under Ashenzari
  5838 | D:6      | Found a hide-covered altar of Uskayaw.
  6278 | D:4      | Killed loom's ghost
  6278 | D:4      | Gained mutation: You have a moderately thin skeletal
                  | structure. (Dex +4, Stealth+) [demonic ancestry]
  6278 | D:4      | Reached XP level 8. HP: 44/61 MP: 8/8
  6547 | D:6      | Reached skill level 5 in Shields
  6748 | D:6      | Found a staircase to the Ecumenical Temple.
  6934 | D:6      | Reached skill level 1 in Throwing
  7008 | D:6      | Reached skill level 5 in Maces & Flails
  7507 | D:7      | Found an ancient bone altar of Kikubaaqudgha.
  7655 | D:7      | Reached skill level 5 in Fighting
  7892 | D:7      | Gained mutation: You have a pair of horns on your head.
                  | [demonic ancestry]
  7892 | D:7      | Reached XP level 9. HP: 68/68 MP: 9/9
  8797 | D:8      | Reached skill level 5 in Armour
  8892 | D:8      | Found Kein's Antique Weapon Boutique.
  8899 | D:8      | Bought a pitted dagger for 189 gold pieces
  8899 | D:8      | Identified the +1 dagger of the Boiling Point {venom, Str+4
                  | Int+7} (You bought it in a shop on level 8 of the Dungeon)
  8986 | D:8      | Noticed a two-headed ogre
  9019 | D:8      | Killed a two-headed ogre
  9019 | D:8      | Gained mutation: You are significantly more attuned to the
                  | shadows. [demonic ancestry]
  9019 | D:8      | Reached XP level 10. HP: 53/76 MP: 10/10
  9094 | D:8      | Found a stormy altar of Qazlal.
  9142 | D:8      | Learned a level 2 spell: Passwall
  9431 | D:9      | Found Dongent's Antique Weapon Boutique.
  9480 | D:9      | Reached ** piety under Ashenzari
  9512 | D:9      | Noticed a two-headed ogre
  9538 | D:9      | Killed a two-headed ogre
  9845 | D:9      | Noticed a death yak
  9845 | D:9      | Noticed a death yak
  9845 | D:9      | Noticed a death yak
  9867 | D:8      | Reached skill level 1 in Transmutations
  9867 | D:8      | Reached skill level 1 in Earth Magic
 10055 | D:9      | Found a staircase to the Orcish Mines.
 10527 | D:9      | Found a staircase to the Lair.
 11219 | Lair:1   | Entered Level 1 of the Lair of Beasts
 11260 | Lair:1   | Noticed a spiny frog
 11393 | Lair:1   | Noticed a spiny frog
 11393 | Lair:1   | Killed a spiny frog
 11858 | Lair:1   | Reached XP level 11. HP: 31/82 MP: 11/11
 12079 | Lair:1   | Noticed Urug
 12088 | Lair:1   | HP: 1/83 [Urug/+2 great sword of holy wrath (17)]
 12089 | Lair:1   | Mangled by Urug

Levels and vault maps discovered:
D:1:      evilmike_arrival_fibonacci_small, layout_basic
D:2:      layout_rooms, lemuel_doored_altar, nicolae_ashenzari_panopticon
D:3:      layout_basic
D:4:      layout_cave_pods, minitemple, serial_shops, shop, first_ration,
          hellmonk_ghost_happy_afterlife
D:5:      layout_gridville, kennysheep_little_box, bloody_makhleb
D:6:      layout_gridville, kennysheep_mini, minmay_temple_entry_mini_moons,
          kennysheep_windowed_goal
D:7:      layout_basic, lemuel_round_altar
D:8:      layout_basic, serial_shops, shop, grunt_pizzeria,
          chequers_serial_rivers_small_b, minmay_ruined_shrine
D:9:      layout_stronghold, dpeg_lair_monsters, zombieorc2_lemuel,
          serial_shops, nicolae_shop_trees
Lair:1:   layout_roguey, infiniplex_staircase_pool_2, uniq_urug

Skill      XL: |  1  2  3  4  5  6  7  8  9 10 11 |
---------------+----------------------------------+-----
Maces & Flails | 2 3 4 5 6 7 |  7.3
Shields        | 3 4 5 6 7 |  7.5
Armour         | 3 4 5 |  5.7
Dodging        | 1 2 3 4 |  4.9
Short Blades   | 1 2 3 4 |  4.6
Stealth        | 1 2 3 4 |  4.8
Fighting       | 4 5 6 |  6.4
Throwing       | 1 2 3 |  3.8
Transmutations | 2 |  2.1
Earth Magic    | 1 2 |  2.0

Action                   |  1- 3 |  4- 6 |  7- 9 | 10-12 || total
-------------------------+-------+-------+-------+-------++-------
Melee: Flail             |   115 |    42 |       |       ||   157
       Headbutt          |    18 |    24 |    56 |    54 ||   152
       Morningstar       |       |    92 |   233 |   186 ||   511
       Dagger            |       |     4 |    25 |    27 ||    56
Throw: Dart              |       |       |    12 |     5 ||    17
 Cast: Passwall          |       |       |       |     5 ||     5
Invok: Curse Item        |       |     3 |     1 |     1 ||     5
  Use: Scroll            |     5 |     8 |     4 |     6 ||    23
       Potion            |       |     2 |     2 |     1 ||     5
 Stab: Sleeping          |       |     4 |    15 |    18 ||    37
       Distracted        |       |       |     1 |     1 ||     2
  Eat: Chunk             |     2 |    11 |    14 |    12 ||    39
Armor: Scale mail        |    55 |    20 |       |       ||    75
       Leather armour    |       |    26 |    51 |    26 ||   103
Dodge: Dodged            |    25 |    64 |    78 |    66 ||   233
Block: Shield            |    70 |    76 |   198 |   133 ||   477
